 Dungeon Crawl Stone Soup version 0.20.1-1-g8b1a95d (webtiles) character file.

8887 KoningWillie the Spear-Bearer (level 11, -16/101 HPs)
             Began as a Minotaur Fighter on Oct 22, 2017.
             Was a High Priest of Makhleb.
             Demolished by a death knight
             ... wielding a +2 glaive
              (24 damage)
             ... on level 11 of the Dungeon.
             The game lasted 00:27:11 (11833 turns).

KoningWillie the Spear-Bearer (Minotaur Fighter)   Turns: 11833, Time: 00:27:11

Health: -16/101    AC: 16    Str: 25    XL:     11   Next: 15%
Magic:  10/10      EV: 10    Int:  5    God:    Makhleb [*****.]
Gold:   402        SH:  0    Dex:  9    Spells: 10/10 levels left

rFire    . . .     SeeInvis .   e - +1 halberd (chop)
rCold    + . .     Gourm    .   (shield currently unavailable)
rNeg     . . .     Faith    .   t - +1 chain mail {rC+}
rPois    .         Spirit   .   (helmet restricted)
rElec    .         Reflect  .   x - +0 cloak
rCorr    .         Harm     .   G - +0 pair of gloves
MR       .....                  (no boots)
Stlth    ..........             (no amulet)
Regen    0.3/turn               K - ring of wizardry
MPRegen  0.2/turn               (no ring)

@: vulnerable, very slightly contaminated
A: retaliatory headbutt, horns 2
a: Minor Destruction, Lesser Servant of Makhleb, Major Destruction, Greater
Servant of Makhleb, Renounce Religion


You were on level 11 of the Dungeon.
You worshipped Makhleb.
Makhleb was extremely pleased with you.
You were not hungry.

You visited 1 branch of the dungeon, and saw 12 of its levels.

You collected 492 gold pieces.
You spent 90 gold pieces at shops.

Inventory:

Hand Weapons
 a - a +1 trident
 e - a +1 halberd of chopping (weapon)
Armour
 t - a +1 chain mail of cold resistance (worn)
 x - a +0 cloak (worn)
 B - a +3 ring mail of fire resistance
 G - a +0 pair of gloves (worn)
Jewellery
 K - a ring of wizardry (left hand)
Wands
 m - a wand of digging (11/24)
 u - a wand of flame (15/48)
 v - a wand of digging (14/24)
 y - a wand of iceblast (1/15)
 A - a wand of polymorph (15/24)
 C - a wand of acid (5/15)
 D - a wand of random effects (9/48)
 F - a wand of clouds (2/9)
Scrolls
 i - a scroll of teleportation {unknown}
 o - 2 scrolls of remove curse
 E - a scroll of identify
 H - a scroll of enchant armour
Potions
 b - a potion of magic
 c - a potion of ambrosia {unknown}
 d - a potion of might
 h - 4 potions of agility
 j - a potion of mutation {unknown}
 l - 2 potions of lignification
 n - 2 potions of brilliance {unknown}
 q - 3 potions of curing
 r - a potion of resistance {unknown}
 s - a potion of heal wounds {unknown}
 J - a potion of cancellation {unknown}
Books
 p - a book of Maledictions

   Spells                             Type                      Level
   a - Corona                         Hexes                        1
   b - Ensorcelled Hibernation        Hexes/Ice                    2
   c - Confuse                        Hexes                        3
   d - Tukima's Dance                 Hexes                        3
   e - Dazzling Spray                 Conjuration/Hexes            3
 w - a book of Flames

   Spells                             Type                      Level
   a - Flame Tongue                   Conjuration/Fire             1
   b - Throw Flame                    Conjuration/Fire             2
   c - Conjure Flame                  Conjuration/Fire             3
   d - Inner Flame                    Hexes/Fire                   3
   e - Sticky Flame                   Conjuration/Fire             4
   f - Fireball                       Conjuration/Fire             5
Comestibles
 g - 15 royal jellies
 k - 7 fruits
 z - 2 bread rations
 I - 3 meat rations


   Skills:
 * Level 10.5 Fighting
 + Level 11.7 Polearms
 * Level 11.1 Armour
 + Level 4.1 Dodging
 - Level 1.0 Stealth
   Level 8.5 Shields
 + Level 1.0 Evocations


You had 10 spell levels left.
You didn't know any spells.

Dungeon Overview and Level Annotations

Branches:
Dungeon (12/15)            Temple (0/1) D:7             Orc (0/2) D:12
   Lair: D:8-11

Altars:
Cheibriados
Elyvilon
Makhleb
Nemelex Xobeh
Okawaru
Trog
Vehumet

Shops:
D:11 [

Annotations:
D:4 sandworm's ghost, amateur DDGl
D:8 Maurice


Innate Abilities, Weirdness & Mutations

You reflexively headbutt those who attack you in melee.
You have a pair of horns on your head.


Message History

The skeletal warrior hits you but does no damage.
You impale the skeletal warrior!!
Your headbutt misses the skeletal warrior.
The skeletal warrior is severely damaged.
The skeletal warrior is engulfed in freezing vapours.
The skeletal warrior hits you with a scimitar!
* * * LOW HITPOINT WARNING * * *
The death knight is engulfed in freezing vapours.
The death knight barely misses you.
The skeletal warrior is engulfed in freezing vapours.
The skeletal warrior hits you with a scimitar!
* * * LOW HITPOINT WARNING * * *
The death knight is engulfed in freezing vapours.
The death knight closely misses you.
You barely miss the skeletal warrior.
Your headbutt misses the skeletal warrior.
The skeletal warrior is almost destroyed.
The death knight is engulfed in freezing vapours.
The death knight hits you from afar with an enchanted glaive!!
You die...

..# ##.<.## #.......#
## ###...##
#####.....## #
##....#####..##.....#
##
##....####.....#.§.§.#
.####....##
#......§§§§§.##
........##
##.....§§§§....##
..#...>##
#.....§p§###....##
.##...## #....z.§##
##....#### .#...##
#....@.## ##......##
..#..# ##.#..##
###.......# #.#..#
###..# ##..).......
.....# #..#
##.z......... #....#
..##..# ##....p.......
##...
...##.###.............
###.
....#.##....∩.........
......................
......................


You could see a death knight and a skeletal warrior.

Vanquished Creatures
  A two-headed ogre (D:11)
  A phantasmal warrior (D:11)
  An ugly thing (D:12)
  Joseph (D:8)
  A troll (D:12)
  Prince Ribbit (D:7)
  A shadow (D:12)
  3 wraiths (D:12)
  A wyvern (D:12)
  Grum (D:8)
  A water moccasin (D:12)
  An ice beast (D:11)
  2 sky beasts
  3 orc warriors
  2 black bears (D:9)
  5 ogres
  3 phantoms
  4 wolves (D:8)
  A centaur (D:12)
  2 elf zombies (D:7)
  4 elf skeletons (D:7)
  A gnoll sergeant (D:6)
  A water moccasin zombie (D:6)
  A wyvern skeleton (D:9)
  9 scorpions
  8 killer bees
  A wight (D:11)
  7 crimson imps
  2 bullfrog zombies
  7 orc priests
  2 centaur zombies
  A human zombie (D:7)
  8 hounds
  6 jellies
  A gnoll shaman (D:7)
  2 centaur skeletons
  A bullfrog skeleton (D:5)
  A human skeleton (D:7)
  13 orc wizards
  Ijyb (D:4)
  3 iguanas
  4 worker ants
  A hound zombie (D:11)
  A mummy (D:11)
  A worker ant zombie (D:11)
  8 adders
  9 gnolls
  3 shadow imps
  5 oozes (D:9)
  3 adder zombies
  2 adder skeletons
  A worm (D:2)
  A dart slug (D:4)
  5 leopard geckos
  40 orcs
  5 giant cockroaches
  6 goblins
  9 hobgoblins
  9 jackals
  3 quokkas
  5 ball pythons
  A ball python skeleton (D:6)
  6 bats
  5 frilled lizards
  A giant cockroach zombie (D:6)
  5 kobolds
  2 orc skeletons (D:7)
  An orc zombie (D:7)
  A quokka skeleton (D:8)
  10 rats
269 creatures vanquished.

Vanquished Creatures (collateral kills)
  2 necrophages (D:11)
  A bullfrog zombie (D:11)
  A leopard gecko (D:11)
4 creatures vanquished.

Vanquished Creatures (others)
  A fungus (D:10)
  3 plants (D:10)
4 creatures vanquished.

Grand Total: 277 creatures vanquished

Notes
Turn   | Place    | Note
-------+----------+-------------------------------------------
     0 | D:1      | KoningWillie the Minotaur Fighter began the quest for the Orb.
     0 | D:1      | Reached XP level 1. HP: 19/19 MP: 0/0
   126 | D:1      | Reached XP level 2. HP: 13/27 MP: 1/1
   592 | D:1      | Reached XP level 3. HP: 32/33 MP: 2/2
  1098 | D:2      | Found a burning altar of Makhleb.
  1113 | D:2      | Reached skill level 1 in Dodging
  1113 | D:2      | Reached XP level 4. HP: 37/40 MP: 3/3
  1117 | D:2      | Became a worshipper of Makhleb the Destroyer
  1546 | D:2      | Found a bloodstained altar of Trog.
  2382 | D:4      | Noticed sandworm's ghost (amateur DDGl)
  2449 | D:4      | Found an iron altar of Okawaru.
  2570 | D:4      | Noticed an orc warrior
  2628 | D:3      | Reached * piety under Makhleb
  2628 | D:3      | Reached XP level 5. HP: 42/46 MP: 4/4
  2699 | D:4      | Noticed Ijyb
  2711 | D:4      | Killed Ijyb
  2799 | D:5      | Entered Level 5 of the Dungeon
  2810 | D:5      | Reached skill level 5 in Polearms
  2810 | D:5      | Reached skill level 1 in Stealth
  2810 | D:5      | Reached skill level 5 in Shields
  2810 | D:5      | Reached XP level 6. HP: 53/53 MP: 5/5
  2941 | D:5      | Reached skill level 5 in Armour
  3099 | D:5      | Reached skill level 5 in Fighting
  3344 | D:5      | Reached XP level 7. HP: 31/61 MP: 6/6
  4483 | D:6      | Reached ** piety under Makhleb
  4729 | D:6      | Found a glowing drain.
  4912 | D:6      | Reached XP level 8. HP: 64/70 MP: 7/7
  5840 | D:6      | Reached *** piety under Makhleb
  5926 | D:7      | Found a radiant altar of Vehumet.
  6144 | D:7      | Found a snail-covered altar of Cheibriados.
  6279 | D:7      | Reached XP level 9. HP: 71/78 MP: 8/8
  6668 | D:7      | Found a staircase to the Ecumenical Temple.
  6729 | D:7      | Noticed Prince Ribbit
  6740 | D:7      | Killed Prince Ribbit
  7148 | D:8      | Noticed Joseph
  7162 | D:8      | Killed Joseph
  7515 | D:8      | Noticed Grum
  7526 | D:8      | Killed Grum
  7574 | D:8      | Found a white marble altar of Elyvilon.
  7606 | D:8      | Noticed Maurice
  8115 | D:9      | Reached **** piety under Makhleb
  8300 | D:9      | Reached XP level 10. HP: 84/90 MP: 9/9
  8854 | D:9      | Reached skill level 10 in Polearms
  8876 | D:9      | Found a sparkling altar of Nemelex Xobeh.
  9216 | D:10     | Entered Level 10 of the Dungeon
  9225 | D:10     | Reached skill level 10 in Armour
 10183 | D:11     | Noticed a phantasmal warrior
 10183 | D:11     | Noticed a skeletal warrior
 10484 | D:12     | Found a staircase to the Orcish Mines.
 11162 | D:12     | Noticed a brown ugly thing
 11176 | D:12     | Killed a brown ugly thing
 11176 | D:12     | Reached skill level 10 in Fighting
 11318 | D:11     | Reached ***** piety under Makhleb
 11409 | D:11     | Reached XP level 11. HP: 100/100 MP: 10/10
 11670 | D:11     | Found Zoinu's Antique Armour Boutique.
 11677 | D:11     | Bought a pair of gloves for 90 gold pieces
 11686 | D:11     | Noticed a two-headed ogre
 11703 | D:11     | Killed a two-headed ogre
 11703 | D:11     | Reached skill level 1 in Evocations
 11801 | D:11     | Noticed a death knight
 11810 | D:11     | Killed a phantasmal warrior
 11833 | D:11     | Demolished by a death knight

Skill      XL: |  1  2  3  4  5  6  7  8  9 10 11 |
---------------+----------------------------------+-----
Fighting       | 4 5 6 8 10 | 10.5
Armour         | 4 5 6 8 9 11 | 11.1
Shields        | 4 5 7 8 |  8.5
Polearms       | 3 4 5 7 8 9 11 | 11.7
Dodging        | 1 2 3 4 |  4.1
Stealth        | 1 |  1.0
Evocations     | 1 |  1.0

Action                   |  1- 3 |  4- 6 |  7- 9 | 10-12 || total
-------------------------+-------+-------+-------+-------++-------
Melee: Trident           |    75 |   157 |   510 |   151 ||   893
       Headbutt          |     7 |    19 |   100 |    45 ||   171
       Halberd           |       |       |       |   124 ||   124
Evoke: Wand              |       |       |     9 |     6 ||    15
  Use: Scroll            |     2 |     4 |    10 |     5 ||    21
       Potion            |       |       |     2 |       ||     2
  Eat: Bread ration      |     1 |     1 |     2 |     1 ||     5
       Meat ration       |       |       |     2 |     1 ||     3
Armor: Scale mail        |    11 |       |       |       ||    11
       Chain mail        |    39 |    87 |   179 |    74 ||   379
       Ring mail         |       |       |       |    60 ||    60
Dodge: Dodged            |    31 |    34 |    90 |   149 ||   304
Block: Shield            |    54 |    76 |   197 |   107 ||   434
